 Dungeon Crawl Stone Soup version 0.19.1 (webtiles) character file.

2317 empire the Covert (level 9, -7/48 HPs)
             Began as a Vine Stalker Assassin on Dec 12, 2016.
             Mangled by an ogre
             ... wielding a +0 giant club
              (14 damage)
             ... on level 6 of the Dungeon.
             The game lasted 00:20:24 (5053 turns).

empire the Covert (Vine Stalker Assassin)           Turns: 5053, Time: 00:20:24

Health: -7/48      AC:  7    Str: 14    XL:     9   Next: 41%
Magic:  0/11       EV: 11    Int: 11    God:
Gold:   235        SH:  0    Dex: 19    Spells: 0 memorised, 10 levels left

rFire  . . .     SeeInvis .     b - +0 blowgun
rCold  . . .     Gourm    .     q - +0 leather armour
rNeg   . . .     Faith    .     (no shield)
rPois  .         Spirit   +     (no helmet)
rElec  .         Reflect  .     d - +0 cloak
rCorr  .         Harm     .     y - +0 pair of gloves
MR     +....                    u - +1 pair of boots
Stlth  +++++.....               (no amulet)
                                (no ring)
                                (no ring)

@: no status effects
A: fangs 3, regeneration 1, magic shield, antimagic bite, no device heal 3, rot
immunity
a: no special abilities


You were on level 6 of the Dungeon.
You were not hungry.

You visited 1 branch of the dungeon, and saw 6 of its levels.
You also visited: Sewer.

You collected 235 gold pieces.

Inventory:

Hand Weapons
 a - a +3 dagger
 b - a +0 blowgun (weapon)
 w - a +1 dire flail of holy wrath
 A - a +2 whip of flaming
 E - a +1 short sword of protection
 G - the cursed +3 dire flail "Cagired" {freeze, -Tele rC+ Str+6 Int+4, unknown}
   (You found it on level 6 of the Dungeon)

   It has been specially enchanted to freeze those struck by it, causing extra
   injury to most foes and up to half again as much damage against particularly
   susceptible opponents.
   It can also slow down cold-blooded creatures.
   It affects your strength (+6).
   It affects your intelligence (+4).
   It protects you from cold.
   It prevents most forms of teleportation.
   It has a curse placed upon it.
 H - a +1 dagger of venom
 I - a cursed -3 dagger
Missiles
 e - 10 poisoned needles (quivered)
 f - 2 curare-tipped needles
 n - 30 bolts
 s - 119 arrows
Armour
 d - a +0 cloak (worn)
 q - a +0 leather armour (worn)
 u - a +1 pair of boots (worn)
 y - a +0 pair of gloves (worn)
 L - a +3 scale mail
Jewellery
 m - an uncursed amulet of guardian spirit {unknown}
 r - an uncursed ring of magical power {unknown}
 v - an uncursed amulet of faith
 x - an uncursed ring of flight {unknown}
 M - an uncursed ring of fire {unknown}
Scrolls
 k - 3 scrolls of remove curse
 B - a scroll of magic mapping
 J - a scroll of enchant armour
 K - 2 scrolls of fog
Potions
 c - 2 potions of invisibility
 h - 2 potions of magic
 i - 2 potions of haste {unknown}
 j - 3 potions of heal wounds
 o - 5 potions of curing
 p - 5 potions of brilliance {unknown}
 z - a potion of might {unknown}
 C - a potion of resistance {unknown}
 F - a potion of ambrosia {unknown}
Books
 t - a book of Cantrips

   Spells                             Type                      Level
   a - Confusing Touch                Hexes                        1
   b - Animate Skeleton               Necromancy                   1
   c - Summon Small Mammal            Summoning                    1
   d - Apportation                    Translocation                1
 D - a book of Maledictions

   Spells                             Type                      Level
   a - Corona                         Hexes                        1
   b - Ensorcelled Hibernation        Hexes/Ice                    2
   c - Confuse                        Hexes                        3
   d - Tukima's Dance                 Hexes                        3
   e - Dazzling Spray                 Conjuration/Hexes            3
Comestibles
 g - 5 bread rations
 l - 5 meat rations
 N - 2 chunks of flesh


   Skills:
 + Level 5.7 Fighting
 - Level 7.0 Short Blades
 - Level 1.7 Throwing
 - Level 0.7 Dodging
 - Level 10.9 Stealth
 - Level 1.0 Spellcasting


You had 10 spell levels left.
You didn't know any spells.

Dungeon Overview and Level Annotations

Branches:
Dungeon (6/15)
 Temple: D:4-7

Altars:
Makhleb
Nemelex Xobeh
Okawaru

Annotations:
D:5 qice's ghost, novice HOFi


Innate Abilities, Weirdness & Mutations

You have razor-sharp teeth.
Your natural rate of healing is unusually fast.
When hurt, damage is shared between your health and your magic reserves.
Your bite disrupts and absorbs the magic of your enemies.
Potions and wands cannot restore your health.
You are immune to rotting.


Message History

Press: ? - help, Shift-Dir - straight line, f/p - ogre
Aim: an ogre, wielding a giant club (lightly wounded, poisoned)
You shoot a poisoned needle. The poisoned needle hits the ogre.
The ogre looks even sicker.
The ogre is lightly wounded.
Firing (i - inventory. (,) - cycle):
e - 12 poisoned needles (quivered)
Press: ? - help, Shift-Dir - straight line, f/p - ogre
Aim: an ogre, wielding a giant club (lightly wounded, poisoned)
You shoot a poisoned needle. The poisoned needle hits the ogre.
The ogre is lightly wounded.
The ogre hits you with a giant club!!
* * * LOW HITPOINT WARNING * * *
Firing (i - inventory. (,) - cycle):
e - 11 poisoned needles (quivered)
Press: ? - help, Shift-Dir - straight line, f/p - ogre
Aim: an ogre, wielding a giant club (severely wounded, poisoned)
You shoot a poisoned needle. The poisoned needle hits the ogre.
The ogre looks even sicker.
The ogre is severely wounded.
The ogre hits you with a giant club!
You die...

###.......#
##########.........#
...................#
...................#
.###############...# ##
#...# # #...# #O..#
###@..#
##############.....##
#...................#
.................<..##
...####........###...###
..## ###.....## ####..#
.## ##...## #### .#
#...# [# #...#


You could see an ogre.

Vanquished Creatures
  Pikel (D:4)
  Grinder (D:6)
  Sigmund (D:6)
  Menkaure (D:6)
  Edmund (D:6)
  Duvessa (D:5)
  A sky beast (D:6)
  3 ogres
  3 centaurs
  A bullfrog (D:6)
  Dowan (D:5)
  A water moccasin skeleton (D:5)
  A howler monkey (D:4)
  2 crimson imps (D:5)
  A centaur zombie (D:6)
  A quasit (D:6)
  2 worker ants
  6 orc wizards
  3 gnolls (D:5)
  2 river rats (Sewer)
  A shadow imp (D:6)
  An ooze (D:2)
  3 worms
  2 dart slugs (D:1)
  3 leopard geckos
  13 orcs
  5 ball pythons
  5 bats
  3 giant cockroaches
  4 goblins
  6 hobgoblins
  4 jackals (D:5)
  5 kobolds
  2 quokkas
  A ball python skeleton (D:4)
  13 frilled lizards
  A jackal zombie (D:5)
  16 rats
122 creatures vanquished.

Vanquished Creatures (others)
  A shadow imp (D:5)
1 creature vanquished.

Grand Total: 123 creatures vanquished

Notes
Turn   | Place    | Note
-------+----------+-------------------------------------------
     0 | D:1      | empire the Vine Stalker Assassin began the quest for the Orb.
     0 | D:1      | Reached XP level 1. HP: 11/11 MP: 2/2
    92 | D:1      | Reached XP level 2. HP: 15/15 MP: 3/3
   201 | D:1      | Reached skill level 5 in Stealth
  1138 | D:1      | Reached XP level 3. HP: 14/18 MP: 4/4
  1228 | D:2      | Found an iron altar of Okawaru.
  2338 | D:3      | Gained mutation: Your natural rate of healing is unusually fast. [Vine Stalker growth]
  2338 | D:3      | Reached XP level 4. HP: 3/23 MP: 3/5
  2603 | D:4      | Found a burning altar of Makhleb.
  2603 | D:4      | Found a sparkling altar of Nemelex Xobeh.
  2671 | D:4      | Reached skill level 1 in Spellcasting
  2677 | D:4      | Found a glowing drain.
  2684 | Sewer    | Entered a sewer
  3122 | D:4      | Reached skill level 6 in Stealth
  3122 | D:4      | Reached XP level 5. HP: 25/28 MP: 5/7
  3127 | D:4      | Noticed an ogre
  3150 | D:4      | Killed an ogre
  3150 | D:4      | Reached skill level 7 in Stealth
  3157 | D:4      | Reached XP level 6. HP: 21/32 MP: 4/8
  3951 | D:5      | Entered Level 5 of the Dungeon
  3964 | D:5      | Reached XP level 7. HP: 21/36 MP: 5/9
  4121 | D:5      | Noticed Pikel
  4148 | D:4      | Killed Pikel
  4148 | D:4      | Gained mutation: You have razor-sharp teeth. [Vine Stalker growth]
  4148 | D:4      | Reached XP level 8. HP: 5/40 MP: 1/10
  4288 | D:5      | Reached skill level 8 in Stealth
  4308 | D:5      | Noticed Dowan
  4335 | D:5      | Noticed Duvessa
  4417 | D:5      | Noticed qice's ghost (novice HOFi)
  4454 | D:5      | Killed Duvessa
  4466 | D:5      | Killed Dowan
  4466 | D:5      | Reached skill level 9 in Stealth
  4511 | D:6      | Noticed Sigmund
  4512 | D:6      | Killed Sigmund
  4534 | D:6      | Got a crystal dire flail
  4567 | D:6      | Noticed Edmund
  4574 | D:6      | Killed Edmund
  4574 | D:6      | Reached skill level 10 in Stealth
  4586 | D:6      | Noticed Menkaure
  4600 | D:6      | Killed Menkaure
  4600 | D:6      | Reached XP level 9. HP: 28/44 MP: 11/11
  4797 | D:6      | Noticed Grinder
  4814 | D:6      | Killed Grinder
  4887 | D:6      | Reached skill level 5 in Fighting
  5042 | D:6      | HP: 1/48 [ogre/giant club (12)]
  5053 | D:6      | Mangled by an ogre

Skill      XL: |  1  2  3  4  5  6  7  8  9 |
---------------+----------------------------+-----
Fighting       | 2 3 5 |  5.7
Short Blades   | 2 4 6 7 |  7.0
Stealth        | 5 6 7 10 | 10.9
Spellcasting   | 1 |  1.0
Throwing       | |  1.7
Dodging        | |  0.7

Action                   |  1- 3 |  4- 6 |  7- 9 || total
-------------------------+-------+-------+-------++-------
Melee: Dagger            |   118 |   118 |   285 ||   521
       Bite              |    35 |    25 |    83 ||   143
 Fire: Blowgun           |     6 |    10 |    21 ||    37
  Use: Scroll            |     4 |     8 |     5 ||    17
       Potion            |       |       |     3 ||     3
 Stab: Sleeping          |    12 |    12 |     4 ||    28
       Distracted        |       |     1 |       ||     1
  Eat: Chunk             |     4 |     4 |     1 ||     9
       Meat ration       |       |       |     1 ||     1
Armor: Robe              |     6 |       |       ||     6
       Leather armour    |    23 |    36 |    78 ||   137
       Skin              |       |       |    48 ||    48
Dodge: Dodged            |    51 |    73 |   108 ||   232
